TOP OF THE 1ST |
Windy City ThunderBolts batting - Pitching for Southern Maryland Blue Crabs : RHP Steve Brulhart
|
Pitching: RHP Steve Brulhart
|
|
Batting: SHB Dan Strickland
|
0-0: Ball 1-0: Foul Ball, location: 2F 1-1: Foul Ball, location: 2F 1-2: Reached on error, E3 (Groundball, 3, EV 101.9 MPH)
|
Batting: RHB Paul Holland
|
0-0: Foul Ball, location: 2F 0-1: DOUBLE (Flyball, 8RXD, EV 113.8 MPH) Dan Strickland to third
|
Batting: RHB Eddie Dimas
|
0-0: SINGLE (Groundball, 4D, EV 97.5 MPH) Dan Strickland scores Paul Holland to third
|
Batting: RHB Bellchior Osuna
|
0-0: Ball 1-0: Called Strike 1-1: Ball 2-1: Foul Ball, location: 2F 2-2: Ball 3-2: Strikes out looking
|
Batting: RHB Joe Thomas
|
0-0: Ball 1-0: Ball 2-0: 3-RUN HOME RUN (Flyball, 7D, EV 98.1 MPH), Distance : 386 ft
|
Batting: RHB Klaus Brown
|
0-0: Called Strike 0-1: Ball 1-1: Ball 2-1: Ball 3-1: Base on Balls
|
Batting: RHB Camillo Bonauiti
|
0-0: Ball 1-0: Ball 2-0: SINGLE (Groundball, 6MD, EV 106.9 MPH) Klaus Brown to second
|
Batting: RHB Nhat Phong
|
0-0: Foul Ball, location: 2F 0-1: Called Strike 0-2: Strikes out swinging
|
Batting: RHB Sim Damit
|
0-0: Called Strike 0-1: Foul Ball, location: 2F 0-2: Hit by Pitch Klaus Brown to third Camillo Bonauiti to second
|
Batting: SHB Dan Strickland
|
0-0: Called Strike 0-1: Ball 1-1: Ball 2-1: Ball 3-1: Called Strike 3-2: Foul Ball, location: 2F 3-2: Base on Balls Klaus Brown scores Camillo Bonauiti to third Sim Damit to second
|
Batting: RHB Paul Holland
|
0-0: Called Strike 0-1: Foul Ball, location: 2F 0-2: Strikes out swinging
|
Top of the 1st over - 5 runs, 4 hits, 1 error, 3 left on base; Windy City 5 - Southern Maryland 0 |
BOTTOM OF THE 1ST |
Southern Maryland Blue Crabs batting - Pitching for Windy City ThunderBolts : LHP Axel Lund
|
Pitching: LHP Axel Lund
|
|
Batting: RHB Josh Ludwig
|
0-0: Called Strike 0-1: Called Strike 0-2: Foul Ball, location: 2F 0-2: Ball 1-2: SINGLE (Line Drive, 78S, EV 92.5 MPH)
|
Batting: LHB Sam Hontz
|
0-0: Ball 1-0: Fly out, F7 (Flyball, 7LM, EV 86.9 MPH)
|
Batting: RHB Oscar Chapa
|
0-0: Ball 1-0: Ball 2-0: Foul Ball, location: 2F 2-1: SINGLE (Line Drive, 8LS, EV 98.8 MPH) Josh Ludwig to second
|
Batting: RHB Eddie Morin
|
0-0: Called Strike 0-1: Swinging Strike 0-2: Strikes out swinging
|
Batting: RHB Hsui-chen Yang
|
0-0: Reached on error, E4 (Groundball, 4, EV 78.8 MPH) Josh Ludwig scores Oscar Chapa to third
|
Batting: LHB Stu Proulx
|
0-0: Swinging Strike 0-1: Called Strike 0-2: Strikes out swinging
|
Bottom of the 1st over - 1 run, 2 hits, 1 error, 2 left on base; Windy City 5 - Southern Maryland 1 |
TOP OF THE 2ND |
Windy City ThunderBolts batting - Pitching for Southern Maryland Blue Crabs : RHP Steve Brulhart
|
Batting: RHB Eddie Dimas
|
0-0: Swinging Strike 0-1: Ball 1-1: Ball 2-1: Foul Ball, location: 2F 2-2: Foul Ball, location: 2F 2-2: Strikes out swinging
|
Batting: RHB Bellchior Osuna
|
0-0: Called Strike 0-1: Ball 1-1: Ball 2-1: Ball 3-1: Fly out, F7 (Line Drive, 78M, EV 92.5 MPH)
|
Batting: RHB Joe Thomas
|
0-0: Ball 1-0: Called Strike 1-1: SOLO HOME RUN (Flyball, 9D, EV 98.8 MPH), Distance : 395 ft
|
Batting: RHB Klaus Brown
|
0-0: Ball 1-0: Called Strike 1-1: Ball 2-1: Ball 3-1: Base on Balls
|
Pitching: RHP Ju-wei Chi
|
|
Batting: RHB Camillo Bonauiti
|
0-0: Foul Ball, location: 2F 0-1: Ball 1-1: Called Strike 1-2: Foul Ball, location: 2F 1-2: Strikes out swinging
|
Top of the 2nd over - 1 run, 1 hit, 0 errors, 1 left on base; Windy City 6 - Southern Maryland 1 |
BOTTOM OF THE 2ND |
Southern Maryland Blue Crabs batting - Pitching for Windy City ThunderBolts : LHP Axel Lund
|
Batting: RHB Andy Valenzuela
|
0-0: Ball 1-0: Ball 2-0: Foul Ball, location: 2F 2-1: SINGLE (Groundball, 5D, EV 101.2 MPH)
|
Batting: RHB John Lowe
|
0-0: Ball 1-0: Ball 2-0: Called Strike 2-1: Ball 3-1: Grounds into double play, 6-4-3 (Groundball, 6, EV 78.1 MPH)
|
Batting: RHB Adam Cooper
|
0-0: Called Strike 0-1: Ball 1-1: Ground out 4-3 (Groundball, 4, EV 90.0 MPH)
|
Bottom of the 2nd over - 0 runs, 1 hit, 0 errors, 0 left on base; Windy City 6 - Southern Maryland 1 |
TOP OF THE 3RD |
Windy City ThunderBolts batting - Pitching for Southern Maryland Blue Crabs : RHP Ju-wei Chi
|
Batting: RHB Nhat Phong
|
0-0: Ball 1-0: Ground out 6-3 (Groundball, 6M, EV 88.8 MPH)
|
Batting: RHB Sim Damit
|
0-0: Called Strike 0-1: Ball 1-1: Foul Ball, location: 2F 1-2: Strikes out swinging
|
Batting: SHB Dan Strickland
|
0-0: Ground out 6-3 (Groundball, 6M, EV 82.5 MPH)
|
Top of the 3rd over - 0 runs, 0 hits, 0 errors, 0 left on base; Windy City 6 - Southern Maryland 1 |
BOTTOM OF THE 3RD |
Southern Maryland Blue Crabs batting - Pitching for Windy City ThunderBolts : LHP Axel Lund
|
Batting: RHB Josh Ludwig
|
0-0: Ball 1-0: Ball 2-0: Ball 3-0: Base on Balls
|
Batting: LHB Sam Hontz
|
0-0: Ball 1-0: Fly out, F9 (Flyball, 9D, EV 102.5 MPH)
|
Batting: RHB Oscar Chapa
|
0-0: Ball 1-0: Called Strike 1-1: Ball 2-1: Ground out 5-3 (Groundball, 56S, EV 70.6 MPH) Josh Ludwig to second
|
Batting: RHB Eddie Morin
|
0-0: Ball 1-0: Called Strike 1-1: Called Strike 1-2: SINGLE (Flyball, 3D, EV 92.5 MPH) Josh Ludwig to third Runner from 3rd tries for Home, SAFE, throw by RF to home
|
Batting: RHB Hsui-chen Yang
|
0-0: Ball Eddie Morin is caught stealing 2nd base 2-4
|
Bottom of the 3rd over - 1 run, 1 hit, 0 errors, 0 left on base; Windy City 6 - Southern Maryland 2 |
TOP OF THE 4TH |
Windy City ThunderBolts batting - Pitching for Southern Maryland Blue Crabs : RHP Ju-wei Chi
|
Batting: RHB Paul Holland
|
0-0: Ball 1-0: Fly out, F7 (Line Drive, 7LM, EV 85.6 MPH)
|
Batting: RHB Eddie Dimas
|
0-0: Ball 1-0: Foul Ball, location: 2F 1-1: Called Strike 1-2: Foul Ball, location: 2F 1-2: Ball 2-2: Ball 3-2: Foul Ball, location: 2F 3-2: Base on Balls
|
Batting: RHB Bellchior Osuna
|
0-0: SINGLE (Groundball, 6MD, EV 108.1 MPH) Eddie Dimas to second Runner from 2nd tries for 3rd, SAFE, throw by CF made to third Bellchior Osuna to second
|
Batting: RHB Joe Thomas
|
0-0: Foul Ball, location: 2F 0-1: Swinging Strike 0-2: Strikes out swinging
|
Batting: RHB Klaus Brown
|
0-0: Foul Ball, location: 2F 0-1: Foul Ball, location: 2F 0-2: Strikes out looking
|
Top of the 4th over - 0 runs, 1 hit, 0 errors, 2 left on base; Windy City 6 - Southern Maryland 2 |
BOTTOM OF THE 4TH |
Southern Maryland Blue Crabs batting - Pitching for Windy City ThunderBolts : LHP Axel Lund
|
Batting: RHB Hsui-chen Yang
|
0-0: Ball 1-0: Foul Ball, location: 2F 1-1: Called Strike 1-2: Ground out 6-3 (Groundball, 6S, EV 92.5 MPH)
|
Batting: LHB Stu Proulx
|
0-0: Ball 1-0: Ball 2-0: Ball 3-0: Called Strike 3-1: Base on Balls
|
Batting: RHB Andy Valenzuela
|
0-0: Ball 1-0: Ball 2-0: Grounds into double play, 6-4-3 (Groundball, 6M, EV 95.0 MPH)
|
Bottom of the 4th over - 0 runs, 0 hits, 0 errors, 0 left on base; Windy City 6 - Southern Maryland 2 |
TOP OF THE 5TH |
Windy City ThunderBolts batting - Pitching for Southern Maryland Blue Crabs : RHP Ju-wei Chi
|
Batting: RHB Camillo Bonauiti
|
0-0: Called Strike 0-1: Ball 1-1: Foul Ball, location: 2F 1-2: Foul Ball, location: 2F 1-2: Strikes out looking
|
Batting: RHB Nhat Phong
|
0-0: SINGLE (Line Drive, 9S, EV 107.5 MPH)
|
Batting: RHB Sim Damit
|
0-0: Swinging Strike 0-1: Ball 1-1: Swinging Strike 1-2: Strikes out swinging
|
Batting: SHB Dan Strickland
|
0-0: Ball 1-0: Foul Ball, location: 2F 1-1: SINGLE (Groundball, 56S, EV 76.2 MPH) (infield hit) Nhat Phong to second
|
Batting: RHB Paul Holland
|
0-0: Ball 1-0: Called Strike 1-1: Swinging Strike 1-2: Strikes out swinging
|
Top of the 5th over - 0 runs, 2 hits, 0 errors, 2 left on base; Windy City 6 - Southern Maryland 2 |
BOTTOM OF THE 5TH |
Southern Maryland Blue Crabs batting - Pitching for Windy City ThunderBolts : LHP Axel Lund
|
Batting: RHB John Lowe
|
0-0: SINGLE (Groundball, 34S, EV 95.6 MPH)
|
Batting: RHB Adam Cooper
|
0-0: Ball 1-0: Grounds into double play, 6-4-3 (Groundball, 56, EV 98.1 MPH)
|
Batting: RHB Josh Ludwig
|
0-0: SINGLE (Groundball, 34D, EV 101.9 MPH)
|
Batting: LHB Sam Hontz
|
0-0: Ball 1-0: SINGLE (Line Drive, 89S, EV 110.6 MPH) Josh Ludwig to second
|
Batting: RHB Oscar Chapa
|
0-0: Called Strike Balk! Josh Ludwig to third Sam Hontz to second 0-1: Called Strike 0-2: Fly out, F2 (Popup, 13S, EV 88.1 MPH)
|
Bottom of the 5th over - 0 runs, 3 hits, 0 errors, 2 left on base; Windy City 6 - Southern Maryland 2 |
TOP OF THE 6TH |
Windy City ThunderBolts batting - Pitching for Southern Maryland Blue Crabs : RHP Ju-wei Chi
|
Batting: RHB Eddie Dimas
|
0-0: Ball 1-0: Called Strike 1-1: Called Strike 1-2: Ball 2-2: Strikes out looking
|
Batting: RHB Bellchior Osuna
|
0-0: Called Strike 0-1: Swinging Strike 0-2: Ball 1-2: Ball 2-2: Foul Ball, location: 2F 2-2: Strikes out swinging
|
Batting: RHB Joe Thomas
|
0-0: Ball 1-0: Ball 2-0: Ball 3-0: Called Strike 3-1: Ground out 6-3 (Groundball, 6, EV 87.5 MPH)
|
Top of the 6th over - 0 runs, 0 hits, 0 errors, 0 left on base; Windy City 6 - Southern Maryland 2 |
BOTTOM OF THE 6TH |
Southern Maryland Blue Crabs batting - Pitching for Windy City ThunderBolts : LHP Axel Lund
|
Batting: RHB Eddie Morin
|
0-0: Ball 1-0: Ball 2-0: Ball 3-0: Base on Balls
|
Batting: RHB Hsui-chen Yang
|
0-0: Ball 1-0: Ball 2-0: Swinging Strike 2-1: Ball 3-1: Base on Balls Eddie Morin to second
|
Batting: LHB Stu Proulx
|
0-0: Fly out, F7 (Line Drive, 7, EV 100.6 MPH)
|
Batting: RHB Andy Valenzuela
|
0-0: Ball 1-0: Ball 2-0: SINGLE (Line Drive, 4M, EV 93.8 MPH) Eddie Morin to third Hsui-chen Yang to second
|
Batting: RHB John Lowe
|
0-0: Called Strike 0-1: Foul Ball, location: 2F 0-2: Ball 1-2: Strikes out swinging
|
Batting: RHB Adam Cooper
|
0-0: Called Strike 0-1: Called Strike 0-2: Strikes out looking
|
Bottom of the 6th over - 0 runs, 1 hit, 0 errors, 3 left on base; Windy City 6 - Southern Maryland 2 |
TOP OF THE 7TH |
Windy City ThunderBolts batting - Pitching for Southern Maryland Blue Crabs : RHP Ju-wei Chi
|
Pitching: RHP Reese Porter
|
|
Batting: RHB Klaus Brown
|
0-0: Ball 1-0: Called Strike 1-1: Foul Ball, location: 2F 1-2: Ball 2-2: Foul Ball, location: 2F 2-2: Strikes out swinging
|
Batting: RHB Camillo Bonauiti
|
0-0: Ball 1-0: Ball 2-0: Foul Ball, location: 2F 2-1: Ground out 6-3 (Groundball, 6, EV 81.9 MPH)
|
Batting: RHB Nhat Phong
|
0-0: Called Strike 0-1: Ground out 4-3 (Groundball, 34, EV 80.0 MPH)
|
Top of the 7th over - 0 runs, 0 hits, 0 errors, 0 left on base; Windy City 6 - Southern Maryland 2 |
BOTTOM OF THE 7TH |
Southern Maryland Blue Crabs batting - Pitching for Windy City ThunderBolts : LHP Axel Lund
|
Batting: RHB Josh Ludwig
|
0-0: Foul Ball, location: 2F 0-1: DOUBLE (Flyball, 8LXD, EV 109.4 MPH)
|
Batting: LHB Sam Hontz
|
0-0: Foul Ball, location: 2F 0-1: Ball 1-1: Ball Passed Ball! Josh Ludwig to third 2-1: Ground out 6-3 (Groundball, 6, EV 100.0 MPH) Josh Ludwig scores
|
Batting: RHB Oscar Chapa
|
0-0: Foul Ball, location: 2F 0-1: Ball 1-1: Ground out 5-3 (Groundball, 56, EV 81.2 MPH)
|
Batting: RHB Eddie Morin
|
0-0: Ball 1-0: Ball 2-0: SINGLE (Groundball, 6MD, EV 108.1 MPH)
|
Batting: RHB Hsui-chen Yang
|
0-0: Called Strike 0-1: Ball 1-1: Fly out, F8 (Flyball, 8RM, EV 71.2 MPH)
|
Bottom of the 7th over - 1 run, 2 hits, 0 errors, 1 left on base; Windy City 6 - Southern Maryland 3 |
TOP OF THE 8TH |
Windy City ThunderBolts batting - Pitching for Southern Maryland Blue Crabs : RHP Reese Porter
|
Batting: RHB Sim Damit
|
0-0: Swinging Strike 0-1: Ball 1-1: Called Strike 1-2: Foul Ball, location: 2F 1-2: Foul Ball, location: 2F 1-2: Strikes out looking
|
Batting: SHB Dan Strickland
|
0-0: Swinging Strike 0-1: Ball 1-1: Foul Ball, location: 2F 1-2: Ball 2-2: Ball 3-2: Strikes out swinging
|
Batting: RHB Paul Holland
|
0-0: Called Strike 0-1: Foul Ball, location: 2F 0-2: Ball 1-2: Ball 2-2: Ground out 4-3 (Groundball, 34, EV 86.2 MPH)
|
Top of the 8th over - 0 runs, 0 hits, 0 errors, 0 left on base; Windy City 6 - Southern Maryland 3 |
BOTTOM OF THE 8TH |
Southern Maryland Blue Crabs batting - Pitching for Windy City ThunderBolts : LHP Axel Lund
|
Batting: LHB Stu Proulx
|
0-0: Swinging Strike 0-1: Ball 1-1: Foul Ball, location: 2F 1-2: Foul Ball, location: 2F 1-2: DOUBLE (Line Drive, 8LXD, EV 111.2 MPH)
|
Pitching: RHP Ted Hurley
|
|
Pinch Runner at 2nd Taylor Plummer:
|
|
Pinch Hitting: RHB David Gomez
|
0-0: Fly out, F9 (Line Drive, 89M, EV 86.2 MPH)
|
Batting: RHB Sam Parra
|
0-0: Ground out U3 (Groundball, 23, EV 87.5 MPH) Taylor Plummer to third
|
Pinch Hitting: RHB Josh Kurth
|
0-0: Ball 1-0: Foul Ball, location: 2F 1-1: SINGLE (Groundball, 34D, EV 98.1 MPH) Taylor Plummer scores
|
Batting: RHB Josh Ludwig
|
0-0: Foul Ball, location: 2F 0-1: Ball 1-1: Ball 2-1: Foul Ball, location: 2F 2-2: Ball 3-2: Hit by Pitch Josh Kurth to second
|
Pitching: LHP Sincere Powell
|
|
Pinch Hitting: RHB Han Caspers
|
0-0: Ball 1-0: Ball 2-0: Swinging Strike 2-1: Fly out, F8 (Flyball, 8RD, EV 85.6 MPH)
|
Bottom of the 8th over - 1 run, 2 hits, 0 errors, 2 left on base; Windy City 6 - Southern Maryland 4 |
TOP OF THE 9TH |
Windy City ThunderBolts batting - Pitching for Southern Maryland Blue Crabs : RHP Reese Porter
|
Now at 1B: David Gomez
|
|
Now at 3B: Kyle Beeks
|
|
Now in LF: Tyler Hawkins
|
|
Now in RF: Taylor Plummer
|
|
Batting: RHB Eddie Dimas
|
0-0: Ball 1-0: Foul Ball, location: 2F 1-1: Ball 2-1: Called Strike 2-2: Strikes out swinging
|
Batting: RHB Bellchior Osuna
|
0-0: Fly out, F9 (Flyball, 89D, EV 89.4 MPH)
|
Batting: RHB Joe Thomas
|
0-0: Ground out 6-3 (Groundball, 6, EV 81.9 MPH)
|
Top of the 9th over - 0 runs, 0 hits, 0 errors, 0 left on base; Windy City 6 - Southern Maryland 4 |
BOTTOM OF THE 9TH |
Southern Maryland Blue Crabs batting - Pitching for Windy City ThunderBolts : LHP Sincere Powell
|
Pitching: RHP Ray Nauman
|
|
Batting: RHB Oscar Chapa
|
0-0: Ball 1-0: Ball 2-0: Ball 3-0: Called Strike 3-1: Called Strike 3-2: Ground out 6-3 (Groundball, 6, EV 84.4 MPH)
|
Batting: RHB Eddie Morin
|
0-0: Ball 1-0: Ball 2-0: Called Strike 2-1: Foul Ball, location: 2F 2-2: Ball 3-2: Base on Balls
|
Pinch Hitting: SHB John Hiles
|
0-0: Grounds into double play, 4-6-3 (Groundball, 4, EV 80.6 MPH)
|
Bottom of the 9th over - 0 runs, 0 hits, 0 errors, 0 left on base; Windy City 6 - Southern Maryland 4 |
|